 Dungeon Crawl Stone Soup version 0.26.1-2-gb8aa6d0cf2 (webtiles) character file.

Game seed: 4396437632494097911

1476 Qrupt the Skirmisher (level 8, -2/67 HPs)
             Began as a Barachi Fighter on Feb 15, 2021.
             Was a Believer of Fedhas.
             Slain by a hornet (10 damage)
             ... on level 8 of the Dungeon.
             The game lasted 00:09:02 (7699 turns).

Qrupt the Skirmisher (Barachi Fighter)              Turns: 7699, Time: 00:09:03

Health: -2/67      AC: 10    Str: 20    XL:     8   Next: 78%
Magic:  8/8        EV:  8    Int:  8    God:    Fedhas [**....]
Gold:   395        SH: 10    Dex: 12    Spells: 7/7 levels left

rFire    . . .     SeeInvis .   y - +1 mace (protect)
rCold    . . .     Faith    +   c - +0 kite shield
rNeg     . . .     Spirit   .   r - +0 plate armour
rPois    .         Reflect  .   g - +0 helmet
rElec    .         Harm     .   (no cloak)
rCorr    .         Rampage  .   (no gloves)
Will     .....                  (no boots)
Stlth    ..........             l - amulet of faith
HPRegen  0.21/turn              n - -4 ring of protection (curse)
MPRegen  0.11/turn              q - +4 ring of evasion

@: mighty, lethally poisoned (-2 -> -6), about to teleport, can't hop,
attractive, slowed, very slow
A: +LOS, swims, slowness 1, strong legs 1
a: Hop, Renounce Religion, Wall of Briars


You were on level 8 of the Dungeon.
You worshipped Fedhas.
Fedhas was pleased with you.
You visited 1 branch of the dungeon, and saw 8 of its levels.

You collected 395 gold pieces.

Inventory:

Hand Weapons
 a - a +0 flail
 y - a +1 mace of protection (weapon)
 D - a cursed +1 dire flail
Missiles
 z - a throwing net
Armour
 b - a +0 scale mail
 c - a +0 kite shield (worn)
 g - a +0 helmet (worn)
 r - a +0 plate armour (worn)
Jewellery
 l - an amulet of faith (around neck)
 n - a cursed -4 ring of protection (left hand)
 o - an uncursed amulet of regeneration {unknown}
 q - a +4 ring of evasion (right hand)
 u - a +4 ring of protection
 w - an uncursed ring of flight {unknown}
 E - an uncursed ring of positive energy {unknown}
Wands
 s - a wand of acid (9)
 A - a wand of random effects (4)
Scrolls
 f - a scroll of teleportation
 j - 5 scrolls of enchant armour
 m - 4 scrolls of immolation
 p - a scroll of fear
 x - 6 scrolls of identify
 G - a scroll of enchant weapon
Potions
 e - 2 potions of flight
 h - a potion of attraction
 i - 2 potions of haste
 k - a potion of cancellation {unknown}
 t - 2 potions of curing
 v - 2 potions of resistance {unknown}
 B - 2 potions of berserk rage {unknown}
 C - a potion of lignification {unknown}
 F - a potion of ambrosia {unknown}


   Skills:
 + Level 7.0 Fighting
 + Level 5.9 Maces & Flails
 + Level 7.0 Armour
 + Level 6.4 Shields
 + Level 3.2 Evocations


You had 7 spell levels left.
You didn't know any spells.
Your spell library was empty.

Dungeon Overview and Level Annotations

Branches:
Dungeon (8/15)             Temple (0/1) D:6
   Lair: D:8-11

Altars:
Dithmenos
Elyvilon
Fedhas
Vehumet
Zin
The Shining One


Innate Abilities, Weirdness & Mutations

You can be seen from farther away. (+LOS)
You can swim through water.
You cover ground slowly.
You can hop short distances.


Message History

As you read the scroll of teleportation, it crumbles to dust.
You feel strangely unstable. The wight closely misses you.
You block the wight's attack.
Your surroundings suddenly seem different.
Found 11 gold pieces.
The hornet is pulled toward you!
You feel yourself speed up. The hornet is pulled toward you!
Okay, then.
As you read the scroll of teleportation, it crumbles to dust.
You feel strangely unstable. You block the hornet's attack.
Okay, then.
You miss the hornet.
The hornet is moderately wounded.
The hornet stings you!
* * * LOW HITPOINT WARNING * * *
You are poisoned.
You feel yourself slow down. The hornet stings you!
You die...
Fedhas appreciates your contribution to the ecosystem.

#..# #...# #.#..#
##..# #...###.#.$#
.#.<#####........(.#
#...z.<......##.#..#
.#.z#####..#.##.#..#
#..# #..........#
#..# #.##.##>#..#
#..# #)...##.#y.#
...(. ........@..#
.....# #####.#.$..##
.###.# .....### . ..
##.#.## . .# #.#. .#
#. ## #


You could see a hornet.

Vanquished Creatures
  A black bear (D:7)
  An orc warrior (D:6)
  2 ice beasts
  A sky beast (D:7)
  2 centaurs
  A bullfrog (D:6)
  A scorpion (D:4)
  3 wights (D:6)
  A centaur skeleton (D:7)
  3 orc priests
  3 orc wizards
  2 iguanas
  4 worker ants
  A hound zombie (D:6)
  A worker ant zombie (D:5)
  13 adders
  A howler monkey skeleton (D:4)
  2 shadow imps
  A white imp (D:5)
  An adder zombie (D:5)
  2 worms (D:3)
  A dart slug (D:4)
  A leopard gecko (D:5)
  18 orcs
  3 ball pythons
  5 bats
  7 giant cockroaches
  6 goblins
  8 hobgoblins
  2 jackals (D:4)
  5 quokkas
  6 frilled lizards
  A jackal skeleton (D:4)
  5 kobolds
  A leopard gecko skeleton (D:4)
  8 rats
124 creatures vanquished.

Vanquished Creatures (others)
  5 plants (D:3)
5 creatures vanquished.

Grand Total: 129 creatures vanquished

Notes
Turn   | Place    | Note
-------+----------+-------------------------------------------
     0 | D:1      | Qrupt the Barachi Fighter began the quest for the Orb.
     0 | D:1      | Reached XP level 1. HP: 18/18 MP: 1/1
   154 | D:1      | Reached XP level 2. HP: 25/25 MP: 2/2
   724 | D:2      | Reached XP level 3. HP: 22/30 MP: 3/3
  1328 | D:2      | Reached XP level 4. HP: 28/37 MP: 4/4
  2408 | D:3      | Found a blossoming altar of Fedhas.
  2427 | D:3      | Reached XP level 5. HP: 35/43 MP: 5/5
  3105 | D:3      | Found a shadowy altar of Dithmenos.
  3107 | D:3      | Found a radiant altar of Vehumet.
  3208 | D:3      | Became a worshipper of Fedhas Madash
  3278 | D:4      | Found a glowing golden altar of the Shining One.
  3280 | D:4      | Found a glowing silver altar of Zin.
  3281 | D:4      | Found a white marble altar of Elyvilon.
  3530 | D:4      | Reached skill level 5 in Fighting
  3530 | D:4      | Reached skill level 5 in Armour
  3530 | D:4      | Reached XP level 6. HP: 28/51 MP: 6/6
  3836 | D:4      | Reached * piety under Fedhas
  4284 | D:5      | Entered Level 5 of the Dungeon
  4478 | D:5      | Noticed an ice beast
  4493 | D:5      | Killed an ice beast
  4494 | D:5      | Reached skill level 5 in Shields
  4507 | D:5      | Reached XP level 7. HP: 56/56 MP: 7/7
  5200 | D:5      | Reached ** piety under Fedhas
  5511 | D:6      | Reached skill level 1 in Evocations
  5747 | D:6      | Found a staircase to the Ecumenical Temple.
  5813 | D:6      | Reached skill level 5 in Maces & Flails
  5816 | D:6      | Reached XP level 8. HP: 49/64 MP: 8/8
  7667 | D:8      | Noticed a hornet
  7681 | D:8      | Paralysed by a hornet for 1 turns
  7684 | D:8      | Paralysed by a hornet for 1 turns
  7699 | D:8      | Slain by a hornet

Illustrated notes

Levels and vault maps discovered:
D:1:      psy_arrival_conway, layout_rooms, chequers_serial_rivers_micro_d,
          minmay_pentomino_q2
D:2:      layout_basic
D:3:      layout_loops_corners, minitemple, fedhas_ov_isle_minmay
D:4:      layout_loops_cross, good_gods_temple_1
D:5:      layout_basic
D:6:      layout_basic, minmay_temple_entry_tees
D:7:      layout_basic
D:8:      layout_loops_ring

Skill      XL: |  1  2  3  4  5  6  7  8 |
---------------+-------------------------+-----
Fighting       | 4 5 6 7 |  7.0
Armour         | 4 5 6 7 |  7.0
Maces & Flails | 3 4 5 |  5.9
Shields        | 4 5 6 |  6.4
Evocations     | 1 3 |  3.2

Action                   |  1- 3 |  4- 6 |  7- 9 || total
-------------------------+-------+-------+-------++-------
Melee: Flail             |    91 |   192 |     4 ||   287
       Mace              |       |       |   247 ||   247
 Abil: Hop               |       |       |     1 ||     1
Evoke: Wand              |       |       |     3 ||     3
  Use: Scroll            |       |     9 |     5 ||    14
       Potion            |       |     1 |     4 ||     5
Armor: Scale mail        |    50 |    63 |       ||   113
       Plate armour      |       |     8 |   109 ||   117
Dodge: Dodged            |    27 |    55 |    81 ||   163
Block: Kite shield       |    43 |    81 |   120 ||   244
